 Dungeon Crawl Stone Soup version 0.31-a0-365-gcf821cafb2 (webtiles) character file.

Game seed: 5710214844982130518

5 EonArisen the Grave Robber (level 1, 13/13 HPs)
             Began as a Demonspawn Necromancer on Feb 24, 2023.
             Quit the game on level 1 of the Dungeon on July 27, 2023.
             The game lasted 00:03:20 (145 turns).

EonArisen the Grave Robber (Demonspawn Necromancer)  Turns: 145, Time: 00:03:21

Health: 13/13      AC:  2    Str:  8    XL:     1   Next: 66%
Magic:  3/3        EV: 12    Int: 16    God:
Gold:   14         SH:  0    Dex: 13    Spells: 3/4 levels left

rFire   . . .        (no weapon)
rCold   . . .        (no shield)
rNeg    . . .        a - +0 robe
rPois   .            (no helmet)
rElec   .            (no cloak)
rCorr   .            (no gloves)
SInv    .            (no boots)
Will    .....        (no amulet)
Stlth   ++           (no ring)
HPRegen 0.22/turn    (no ring)
MPRegen 0.08/turn

%: no passive effects
@: no status effects
A: no striking features
a: no special abilities


You were on level 1 of the Dungeon.
You visited 1 branch of the dungeon, and saw 1 of its levels.

You collected 14 gold pieces.

Inventory:

Missiles
 c - 7 stones
 d - 4 poisoned darts
Armour
 a - a +0 robe (worn)
Potions
 b - a potion of magic


   Skills:
 + Level 1.9 Dodging
 + Level 1.7 Stealth
 + Level 0.1 Unarmed Combat
 + Level 2.1 Spellcasting
 + Level 4.4 Necromancy


You had 3 spell levels left.
You knew the following spells:

 Your Spells              Type           Power      Damage    Failure   Level
a - Necrotise             Necr           64%        1d7       3%          1

Your spell library contained the following spells:

 Spells                   Type           Power      Damage    Failure   Level
 Vampiric Draining        Necr           16%        2d7       10%         3
 Animate Dead             Necr           16%        N/A       32%         4
 Agony                    Necr           16%        N/A       65%         5


Dungeon Overview and Level Annotations

Branches:
Dungeon (1/15)

Altars:


Message History

The goblin writhes in agony.
You kill the goblin!
The dead are walking!
A rat comes into view.
You swap places.
The giant cockroach bites you but does no damage.
The giant cockroach misses you.
You see here a +0 dagger.
Aiming: Necrotise (safe; 3% risk of failure)
Press: ? - help, Q - select action, (/) - cycle Shift-Dir - straight line, f - giant cockroach
Aim: a giant cockroach (ally target, chance to affect: 85%)
The giant cockroach writhes in agony.
You kill the giant cockroach!
The rat barely misses you.
You hit the rat but do no damage. The rat barely misses you.
You closely miss the rat. The rat bites you.
You hit the rat but do no damage. The rat bites you but does no damage.
You hit the rat.
The rat is heavily wounded.
The rat barely misses you.
You closely miss the rat.
The rat is heavily wounded.
The rat bites you but does no damage.
You barely miss the rat.
The rat is heavily wounded.
The rat misses you.
You hit the rat.
You kill the rat!
Your ball python skeleton crumbles into dust!
You swap places.
You see here a +0 dagger.
You swap places.
Found 4 poisoned darts.
Found a stone staircase leading down.
You see here 4 poisoned darts.
d - 4 poisoned darts Welcome back, EonArisen the Demonspawn Necromancer.
Press ? for a list of commands and other information.
You swap places.
Are you sure you want to abandon this character and quit the game? (Confirm with "yes".)

#.# #.# ... #.# ...
#.# ...# #.#
#+###..#.# #
#.####.....##.###
..##...............
..........######.###
...#.#.......Z..@..#
.>
#.#....######........
# #.#....# #.#.#.###
#)#....# #.#.# #
###.###### #.# #
#.#.# #.# ##.#.# #..
...#.### ..# ...#...#
..


You could see a friendly goblin skeleton.

Vanquished Creatures
  A giant cockroach (D:1)
  A goblin (D:1)
  A quokka (D:1)
  A ball python (D:1)
  A rat (D:1)
5 creatures vanquished.

Notes
Turn   | Place    | Note
-------+----------+-------------------------------------------
     0 | D:1      | EonArisen the Demonspawn Necromancer began the quest for
                  | the Orb.
     0 | D:1      | Reached XP level 1. HP: 13/13 MP: 3/3
   133 | D:1      | Upgraded the game from 0.30-a0-802-gb92711bcdf to
                  | 0.31-a0-365-gcf821cafb2
   145 | D:1      | Quit the game

Illustrated notes

Levels and vault maps discovered:
D:1:      amcnicky_arrival_double_pillar, layout_basic

Action                     || total
---------------------------++-------
  Melee: Unarmed           ||    19
   Cast: Necrotise         ||     4
    Use: Potion            ||     1
 Armour: Robe              ||     5
  Dodge: Dodged            ||    11

Table legend: (Time is in decaauts)
 A = Elapsed time spent in this place.
 B = Non-inter-level travel time spent in this place.
 C = Inter-level travel time spent in this place.
 D = Time resting spent in this place.
 E = Time spent auto-exploring this place.
 F = Levels seen in this place.
 G = Mean time per level.
                   A        B        C        D        E       F      G
               +--------+--------+--------+--------+--------+-----+--------+
         Total |    145 |    135 |     10 |     31 |      0 |   1 |  145.0 |
       Dungeon |    145 |    135 |     10 |     31 |      0 |   1 |  145.0 |
               +--------+--------+--------+--------+--------+-----+--------+

Top non-repeatable levels by time:
     D:1: 145 daAuts
